 Dungeon Sprint DCSS version 0.16.1-28-gcc2312f (webtiles) character file.

353 Kidiri the Insei (level 6, -1/52 HPs)
             Began as a Demonspawn Transmuter on May 31, 2015.
             Was the Champion of Jiyva.
             Killed from afar by a steam dragon (7 damage)
             ... with a ball of steam
             ... in the Dungeon (Sprint VII: "The Pits").
             The game lasted 00:05:19 (769 turns).

Kidiri the Insei (Demonspawn Transmuter)             Turns: 769, Time: 00:05:19

Health: -1/52      AC:  3    Str:  8    XL:     6   Next: 35%
Magic:  16/18      EV: 15    Int: 17    God:    Jiyva [******]
Gold:   0          SH:  0    Dex: 15    Spells: 4 memorised, 6 levels left

rFire  + . .     SeeInvis .       - Unarmed
rCold  . . .     Clarity  .     c - +0 robe (curse)
rNeg   . . .     SustAb   .     (no shield)
rPois  .         Gourm    .     (helmet restricted)
rElec  +         Spirit   .     (no cloak)
rCorr  +         Warding  .     (no gloves)
rMut   .         NoTele   +     (no boots)
MR     .....                    (no amulet)
Stlth  +.........               (no ring)
                                (no ring)

@: not resistant to hostile enchantments, very unstealthy
A: horns 2, talons 2, fire resistance 1, powered by death 1, shaggy fur 1,
electricity resistance, acidic bite, eyeballs 1, tendrils, jelly sensing items,
jelly absorbing missiles
a: Request Jelly, Jelly Paralyse, Slimify, Cure Bad Mutation, Renounce Religion


You were in the Dungeon.
You worshipped Jiyva.
Jiyva was exalted by your worship.
You were not hungry.

You visited 1 branch

Inventory:

Missiles
 b - 12 arrows
Armour
 c - a cursed +0 robe (worn)
Scrolls
 j - a scroll of blinking
 n - 3 scrolls of remove curse
 o - 5 scrolls of amnesia
 p - a scroll of summoning
Potions
 e - 6 potions of curing
 f - 6 potions of heal wounds
 g - a potion of haste
 h - 4 potions of magic
 i - 3 potions of berserk rage
 m - 2 potions of invisibility
Books
 d - a book of Changes

   Spells                             Type                      Level
   a - Beastly Appendage              Transmutation                1
   b - Sticks to Snakes               Transmutation                2
   c - Spider Form                    Transmutation/Poison         3
   d - Ice Form                       Ice/Transmutation            4
   e - Blade Hands                    Transmutation                5
Comestibles
 a - 8 bread rations
 k - 40 fruits
 l - 7 meat rations


   Skills:
 * Level 6.0 Fighting
 * Level 5.6 Dodging
 * Level 6.1 Unarmed Combat
 * Level 5.8 Spellcasting
 * Level 5.6 Transmutations
 + Level 1.4 Ice Magic
 + Level 1.6 Poison Magic


You had 6 spell levels left.
You knew the following spells:

 Your Spells              Type           Power        Failure   Level  Hunger
a - Beastly Appendage     Trmt           ###...       1%          1    None
b - Sticks to Snakes      Trmt           ###.......   1%          2    #......
c - Spider Form           Trmt/Pois      ###.......   10%         3    ##.....
d - Ice Form              Ice/Trmt       ###.....     30%         4    ####...


Dungeon Overview and Level Annotations

Branches:
Dungeon (1/1)

Altars:
Ashenzari
Cheibriados
Dithmenos
Elyvilon
Fedhas
Gozag
Kikubaaqudgha
Makhleb
Nemelex Xobeh
Okawaru
Qazlal
Ru
Sif Muna
Trog
Vehumet
Xom
Yredelemnul
Zin
The Shining One
Beogh
Jiyva
Lugonu


Innate Abilities, Weirdness & Mutations

You have razor-sharp toenails.
Your flesh is heat resistant.
You can steal the life force of nearby defeated enemies.
You have a pair of horns on your head.
You are covered in fur (AC +1).
You are resistant to electric shocks.
You have acidic saliva.
Your body is partially covered in golden eyeballs (Acc +3).
Thin tendrils of slime have grown from your body.
You have a small jelly attached to you that senses nearby items.
You have a small jelly attached to you that may absorb incoming projectiles.


Message History

The flying skull resists.
The flying skull is destroyed!
Your Fighting skill increases to level 6!
Your Unarmed Combat skill increases to level 6!
Your Ice Magic skill increases to level 1!
Your Poison Magic skill increases to level 1!
You have reached level 6!
Your experience leads to an increase in your attributes!
Increase (S)trength, (I)ntelligence, or (D)exterity?
You feel clever.
Your demonic ancestry asserts itself...
You feel resistant to heat.
Unknown command.
You swap places.
There is an open door here.
You open the door.
A steam dragon comes into view.
You swap places.
The steam dragon breathes steam at you. The ball of steam hits you! You resist.
You die...

#.#........##.......#
#'###########.......#
#.......# #########
#.###...# #.#(....#
#.#...#.#+#
#..(..#.#D+
#...###.#ยง#
#(.....J@J#
###########


You could see a steam dragon and 2 friendly azure jellies.

Vanquished Creatures
  An orc wizard (D)
  A mummy (D)
  An adder (D)
  An orc (D)
  A giant cockroach (D)
5 creatures vanquished.

Vanquished Creatures (collateral kills)
  A flying skull (D)
  A deep elf fighter (D)
  A wolf (D)
  A big kobold (D)
  A worker ant (D)
  A giant mite (D)
  An ufetubus (D)
  An orc (D)
  A ball python (D)
  A rat (D)
10 creatures vanquished.

Vanquished Creatures (others)
  25 jellies (D)
  An orc (D)
26 creatures vanquished.

Grand Total: 41 creatures vanquished

Notes
Turn   | Place    | Note
--------------------------------------------------------------
     0 | D        | Kidiri, the Demonspawn Transmuter, began the quest for the Orb.
     0 | D        | Reached XP level 1. HP: 15/15 MP: 3/3
    26 | D        | Found a sacrificial altar of Ru.
    26 | D        | Found a basalt altar of Yredelemnul.
    26 | D        | Found a shadowy altar of Dithmenos.
    26 | D        | Found a deep blue altar of Sif Muna.
    26 | D        | Found a burning altar of Makhleb.
    26 | D        | Found a shimmering altar of Xom.
    26 | D        | Found an ancient bone altar of Kikubaaqudgha.
    26 | D        | Found a sparkling altar of Nemelex Xobeh.
    27 | D        | Found a glowing golden altar of the Shining One.
    27 | D        | Found a bloodstained altar of Trog.
    27 | D        | Found a shattered altar of Ashenzari.
    27 | D        | Found a white marble altar of Elyvilon.
    27 | D        | Found a snail-covered altar of Cheibriados.
    27 | D        | Found a blossoming altar of Fedhas.
    27 | D        | Found a radiant altar of Vehumet.
    27 | D        | Found a glowing silver altar of Zin.
    27 | D        | Found a corrupted altar of Lugonu.
    27 | D        | Found a viscous altar of Jiyva.
    27 | D        | Found a roughly hewn altar of Beogh.
    27 | D        | Found an iron altar of Okawaru.
    33 | D        | Found a stormy altar of Qazlal.
    34 | D        | Found an opulent altar of Gozag.
    36 | D        | Became a worshipper of Jiyva Jipe the Shapeless
    53 | D        | Acquired Jiyva's first power
    56 | D        | Acquired Jiyva's second power
    67 | D        | Gained mutation: Your rubbery body absorbs attacks (AC +1). [Jiyva's grace]
    68 | D        | Acquired Jiyva's third power
    68 | D        | Gained mutation: You are clumsy. (Dex -2) [Jiyva's grace]
    70 | D        | Acquired Jiyva's fourth power
    70 | D        | Lost mutation: You are clumsy. (Dex -2) [Jiyva's grace]
    71 | D        | Gained mutation: Your spells are a little harder to cast, but a little more powerful. [Jiyva's grace]
    82 | D        | Reached skill level 3 in Unarmed Combat
    82 | D        | Gained mutation: You have sharp toenails. [demonic ancestry]
    82 | D        | Reached XP level 2. HP: 17/22 MP: 3/5
    93 | D        | Lost mutation: Your spells are a little harder to cast, but a little more powerful. [Jiyva's grace]
   200 | D        | Learned a level 2 spell: Sticks to Snakes
   275 | D        | Gained mutation: You are agile. (Dex +2) [Jiyva's grace]
   278 | D        | Noticed a worker ant
   286 | D        | Killed a worker ant
   286 | D        | Reached XP level 3. HP: 20/28 MP: 6/8
   386 | D        | Gained mutation: You are resistant to electric shocks. [Jiyva's grace]
   388 | D        | Gained mutation: You have razor-sharp toenails. [Jiyva's grace]
   390 | D        | Lost mutation: You are agile. (Dex +2) [Jiyva's grace]
   390 | D        | Gained mutation: You are dopey. (Int -2) [Jiyva's grace]
   394 | D        | Lost mutation: You are dopey. (Int -2) [Jiyva's grace]
   405 | D        | Noticed a wolf
   410 | D        | Killed a wolf
   410 | D        | Reached skill level 4 in Fighting
   410 | D        | Reached XP level 4. HP: 20/37 MP: 9/11
   414 | D        | Noticed a deep elf fighter
   422 | D        | Killed a deep elf fighter
   422 | D        | Reached skill level 5 in Unarmed Combat
   422 | D        | Gained mutation: You can steal the life force of nearby defeated enemies. [demonic ancestry]
   422 | D        | Reached XP level 5. HP: 19/43 MP: 11/14
   423 | D        | Lost mutation: Your rubbery body absorbs attacks (AC +1). [Jiyva's grace]
   433 | D        | Noticed a big kobold
   438 | D        | Killed a big kobold
   438 | D        | Reached skill level 5 in Fighting
   438 | D        | Reached skill level 5 in Dodging
   438 | D        | Reached skill level 5 in Spellcasting
   438 | D        | Reached skill level 5 in Transmutations
   483 | D        | Gained mutation: You have a pair of small horns on your head. [Jiyva's grace]
   484 | D        | Gained mutation: You have a pair of horns on your head. [Jiyva's grace]
   485 | D        | Gained mutation: Your body is partially covered in golden eyeballs (Acc +3). [Jiyva's grace]
   486 | D        | Learned a level 3 spell: Spider Form
   489 | D        | Gained mutation: You are covered in fur (AC +1). [Jiyva's grace]
   491 | D        | Learned a level 4 spell: Ice Form
   522 | D        | Gained mutation: Thin tendrils of slime have grown from your body. [Jiyva's grace]
   525 | D        | Noticed an orc wizard
   531 | D        | Gained mutation: You have acidic saliva. [Jiyva's grace]
   538 | D        | Killed an orc wizard
   539 | D        | Gained mutation: You have a small jelly attached to you that senses nearby items. [Jiyva's grace]
   542 | D        | Gained mutation: Your skin is partially translucent (Stealth, -foe acc). [Jiyva's grace]
   543 | D        | Gained mutation: You have a small jelly attached to you that may absorb incoming projectiles. [Jiyva's grace]
   706 | D        | Lost mutation: Your skin is partially translucent (Stealth, -foe acc). [Jiyva's grace]
   756 | D        | Noticed a flying skull
   765 | D        | Killed a flying skull
   765 | D        | Reached skill level 6 in Fighting
   765 | D        | Reached skill level 1 in Ice Magic
   765 | D        | Reached skill level 1 in Poison Magic
   765 | D        | Gained mutation: Your flesh is heat resistant. [demonic ancestry]
   765 | D        | Reached XP level 6. HP: 6/52 MP: 16/18
   768 | D        | Noticed a steam dragon
   769 | D        | Killed from afar by a steam dragon

Action                   |  1- 3 |  4- 6 || total
-------------------------+-------+-------++-------
Melee: Unarmed           |    18 |    25 ||    43
 Cast: Beastly Appendage |     3 |       ||     3
Invok: Cure Bad Mutation |       |     1 ||     1
 Stab: Sleeping          |     1 |       ||     1
